 Dungeon Crawl Stone Soup version 0.30.1-11-g7821555f0a (webtiles) character file.

Game seed: 6105235420547313328

261 booth the Trooper (level 5, -1/42 HPs)
             Began as a Demonspawn Fighter on Nov 11, 2023.
             Slain by an orc priest
             ... wielding a +0 flail
              (9 damage)
             ... on level 4 of the Dungeon.
             The game lasted 00:14:58 (2589 turns).

booth the Trooper (Demonspawn Fighter)              Turns: 2589, Time: 00:14:59

Health: -1/42      AC:  9    Str: 18    XL:     5   Next: 96%
Magic:  4/4        EV:  9    Int: 10    God:
Gold:   49         SH:  8    Dex: 12    Spells: 4/4 levels left

rFire   . . .        a - +0 war axe (heavy)
rCold   . . .        c - +0 buckler
rNeg    . . .        b - +0 scale mail
rPois   .            j - +0 helmet
rElec   .            (no cloak)
rCorr   .            (no gloves)
SInv    .            e - +0 pair of boots
Will    .....        (no amulet) Stlth
                     (no ring)
HPRegen 0.27/turn    (no ring)
MPRegen 0.09/turn

%: no passive effects
@: no status effects
A: demonic guardian 1, condensation shield, low MP 1
a: no special abilities


You were on level 4 of the Dungeon.
You visited 1 branch of the dungeon, and saw 4 of its levels.

You collected 163 gold pieces.
You spent 114 gold pieces at shops.

Inventory:

Hand Weapons
 a - a +0 heavy war axe (weapon)
 k - a +0 mace
Missiles
 g - a throwing net (quivered)
Armour
 b - a +0 scale mail (worn)
 c - a +0 buckler (worn)
 e - a +0 pair of boots (worn)
 j - a +0 helmet (worn)
Scrolls
 f - 2 scrolls of teleportation
 o - a scroll of poison
Potions
 d - a potion of might
 h - a potion of invisibility {unknown}
 i - a potion of curing
 m - 2 potions of lignification {unknown}


   Skills:
 + Level 4.0 Fighting
 * Level 3.8 Axes
 + Level 3.6 Armour
 + Level 3.6 Shields


You had 4 spell levels left.
You didn't know any spells.
Your spell library contained the following spells:

 Spells                   Type           Power      Damage    Failure   Level
 Freeze                   Ice            0%         1d3       83%         1
 Magic Dart               Conj           0%         1d3       83%         1
 Lesser Beckoning         Tloc           0%         N/A       92%         2
 Sublimation of Blood     Necr           0%         N/A       92%         2
 Wereblood                Tmut           0%         N/A       92%         2
 Frozen Ramparts          Ice            0%         1d1       99%         3
 Gell's Gravitas          Tloc           0%         N/A       99%         3
 Hailstorm                Conj/Ice       0%         3d3       99%         3
 Teleport Other           Tloc           0%         N/A       99%         3
 Spellforged Servitor     Conj/Summ      0%         N/A       100%        7
 Summon Hydra             Summ           0%         N/A       100%        7
 Fire Storm               Conj/Fire      0%         5d1       100%        9


Dungeon Overview and Level Annotations

Branches:
Dungeon (4/15)
 Temple: D:4-7

Altars:
Xom

Shops:
D:3 ?


Innate Abilities, Weirdness & Mutations

A weak demonic guardian rushes to your aid.
A meltable shield of frost defends you. (SH +4)
Your magical capacity is low. (-10% MP)


Message History

You slice the hobgoblin!!
You kill the hobgoblin!
You see here a hobgoblin corpse.
Found a ring mail.
You see here a +0 ring mail.
An orc comes into view. It is wielding a +0 whip.
The orc shouts!
You hear a shout!
An orc priest comes into view. It is wielding a +0 flail.
The orc priest invokes the aid of Beogh against you.
Beogh smites you! You block the orc's attack.
An orc comes into view. It is wielding a +0 whip.
The orc shouts!
You slash the orc!
You kill the orc!
A quokka comes into view.
A scorpion comes into view.
You barely miss the orc priest.
The orc priest hits you with a +0 flail. x2
A demonic guardian appears!
You swap places.
Your shadow imp hits the orc priest.
The orc priest hits your shadow imp with a +0 flail!
The orc priest closely misses your shadow imp.
Your shadow imp hits the orc priest.
Your shadow imp completely misses the orc priest.
The orc priest closely misses your shadow imp.
Your shadow imp barely misses the orc priest.
The orc priest hits your shadow imp with a +0 flail!
Your shadow imp dies!
Your shadow imp disappears in a puff of smoke!
The orc priest shouts!
You closely miss the orc priest.
The orc priest is heavily wounded.
The orc priest hits you with a +0 flail!
You completely miss the orc priest.
The orc priest is heavily wounded.
The orc priest hits you with a +0 flail!
* * * LOW HITPOINT WARNING * * *
A demonic guardian appears!
The orc priest hits you with a +0 flail!
You die...

#############.#
######.# #......#
#......# #......##
#.......#
#.....#.## #
#.......5###.#
#.###[...@oor#
#..........###s...#
..##....#### .....
## #....# #.##
#....# .. ......# #
#.#....# #......#


You could see a scorpion, an orc priest (ally target), an orc, a quokka and a
friendly quasit (summoned).

Vanquished Creatures
  An ogre (D:4)
  Jessica (D:2)
  An orc wizard (D:4)
  3 adders (D:2)
  4 gnolls (D:3)
  An ufetubus (D:3)
  A worm (D:3)
  An orc (D:4)
  6 ball pythons
  2 endoplasms
  A giant cockroach (D:1)
  2 goblins
  7 hobgoblins
  A jackal (D:2)
  A quokka (D:2)
  4 bats
  4 frilled lizards
  5 kobolds
  7 rats
53 creatures vanquished.

Vanquished Creatures (collateral kills)
  2 orcs (D:4)
  A ball python (D:4)
3 creatures vanquished.

Grand Total: 56 creatures vanquished

Notes
Turn   | Place    | Note
-------+----------+-------------------------------------------
     0 | D:1      | booth the Demonspawn Fighter began the quest for the Orb.
     0 | D:1      | Reached XP level 1. HP: 18/18 MP: 1/1
   480 | D:1      | Gained mutation: A weak demonic guardian rushes to your
                  | aid. [demonic ancestry]
   480 | D:1      | Reached XP level 2. HP: 24/24 MP: 2/2
   699 | D:1      | Gained mutation: You have hidden genetic defects. [potion
                  | of mutation]
   699 | D:1      | Gained mutation: You are agile. (Dex +4, Str/Int -1)
                  | [potion of mutation]
   852 | D:2      | Gained mutation: Your magical capacity is low. (-10% MP)
                  | [hidden defects]
   914 | D:2      | Gained mutation: A meltable shield of frost defends you.
                  | (SH +4) [demonic ancestry]
   914 | D:2      | Reached XP level 3. HP: 24/29 MP: 2/2
   927 | D:2      | Lost mutation: You are agile. (Dex +4, Str/Int -1) [hidden
                  | defects]
   927 | D:2      | Lost mutation: You have hidden genetic defects. [hidden
                  | defects expressed]
  1010 | D:2      | Noticed Jessica
  1024 | D:2      | Killed Jessica
  1101 | D:2      | Found a shimmering altar of Xom.
  1196 | D:2      | Reached XP level 4. HP: 27/35 MP: 3/3
  1343 | D:2      | Got the Directory of Combat Magic
  1875 | D:3      | Found Bedebuw's Magic Scroll Emporium.
  1912 | D:3      | Bought a scroll of brand weapon for 114 gold pieces
  1981 | D:3      | Reached XP level 5. HP: 42/42 MP: 4/4
  2325 | D:4      | Noticed an ogre
  2334 | D:4      | Killed an ogre
  2503 | D:4      | Reached skill level 4 in Fighting
  2589 | D:4      | Slain by an orc priest

Illustrated notes

Levels and vault maps discovered:
D:1:      lightli_arrival_flooded_house, layout_basic, chequers_jeans,
          serial_park_tiny_pond
D:2:      layout_rooms, basic_altar, minmay_box_of_dots, uniq_jessica
D:3:      layout_rooms, serial_shops, nicolae_shop_trees,
          kennysheep_generic_room_9
D:4:      layout_basic, chei_slow_surprise, minmay_misc_feat_doors

Skill      XL: |  1  2  3  4  5 |
---------------+----------------+-----
Axes           | 2 3 |  3.8
Armour         | 3 |  3.6
Shields        | 3 |  3.6
Fighting       | 4 |  4.0

Action                     |  1- 3 |  4- 6 || total
---------------------------+-------+-------++-------
  Melee: War axe           |    73 |    80 ||   153
    Use: Scroll            |     2 |     3 ||     5
         Potion            |     1 |     3 ||     4
 Armour: Scale mail        |    29 |    36 ||    65
  Dodge: Dodged            |    28 |    36 ||    64
  Block: Buckler           |    22 |    41 ||    63
